 Dungeon Crawl Stone Soup version 0.23.2-1-ga50397a (webtiles) character file.

Game seed: 13483622913040125602

112746 HEYYEYAAE the Impaler (level 15, -3/128 HPs)
             Began as a Demigod Gladiator on May 3, 2019.
             Slain by an alligator (8 damage)
             ... on level 1 of the Swamp.
             The game lasted 00:39:43 (26668 turns).

HEYYEYAAE the Impaler (Demigod Gladiator)          Turns: 26668, Time: 00:39:44

Health: -3/128     AC: 13    Str: 27    XL:     15   Next: 64%
Magic:  0/18       EV: 21    Int: 12    God:
Gold:   2159       SH:  0    Dex: 19    Spells: 14/14 levels left

rFire    + . .     SeeInvis .   D - +11 spear of Brawling {protect, Dex+2}
rCold    + . .     Gourm    .   (no shield)
rNeg     . . .     Faith    .   i - +3 troll leather armour
rPois    +         Spirit   +   c - +0 helmet
rElec    .         Reflect  .   s - scarf {rC+ rF+}
rCorr    .         Harm     .   (no gloves)
MR       +....                  t - +2 pair of boots {run}
Stlth    +.........             g - amulet of guardian spirit
HPRegen  0.71/turn              e - ring of poison resistance
MPRegen  0.16/turn              (no ring)

@: very slow
A: high mp 1
a: no special abilities


You were on level 1 of the Swamp.
You were not hungry.

You visited 4 branches of the dungeon, and saw 24 of its levels.
You also visited: Bailey and Ice Cave.

You collected 2521 gold pieces.
You spent 362 gold pieces at shops.

Inventory:

Hand Weapons
 z - a +0 halberd
 A - a +2 halberd
 D - the +11 spear of Brawling (weapon) {protect, Dex+2}
   (You found it in a bailey)

   It protects the one who uses it against injury (+AC on strike).
   It affects your dexterity (+2).
Missiles
 d - 6 throwing nets (quivered)
Armour
 c - a +0 helmet (worn)
 i - a +3 troll leather armour (worn)
 s - a scarf of resistance (worn)
 t - a +2 pair of boots of running (worn)
 P - a +2 hat of intelligence
Jewellery
 e - a ring of poison resistance (left hand)
 g - an amulet of guardian spirit (around neck)
 v - an uncursed ring of wizardry
Wands
 h - a wand of flame (1)
 q - a wand of disintegration (16)
 J - a wand of random effects (13)
 N - a wand of iceblast (25)
Scrolls
 a - 5 scrolls of noise
 j - 12 scrolls of remove curse
 l - 8 scrolls of magic mapping
 m - 4 scrolls of amnesia
 o - 7 scrolls of teleportation
 p - 4 scrolls of fear
 u - 3 scrolls of fog
 w - 6 scrolls of blinking
 y - a scroll of torment
 C - a scroll of summoning
 F - 2 scrolls of enchant weapon
 K - 11 scrolls of identify
Potions
 b - a potion of magic
 k - 5 potions of brilliance
 n - 12 potions of curing
 r - 3 potions of heal wounds
 x - 3 potions of haste
 B - 4 potions of flight
 E - a potion of lignification
 G - 2 potions of agility
 H - a potion of mutation
 I - a potion of ambrosia
 L - a potion of berserk rage
 M - a potion of cancellation
Comestibles
 f - 25 rations


   Skills:
 + Level 10.4 Fighting
 * Level 19.4 Polearms
 - Level 1.7 Throwing
 + Level 10.1 Armour
 + Level 10.6 Dodging


You had 14 spell levels left.
You didn't know any spells.
Your spell library contained the following spells:

 Spells                   Type           Power        Failure   Level  Hunger
 Animate Skeleton         Necr           N/A          36%         1    ##.....
 Apportation              Tloc           #.....       36%         1    ##.....
 Beastly Appendage        Tmut           #.....       36%         1    ##.....
 Confusing Touch          Hex            #.....       36%         1    ##.....
 Freeze                   Ice            #...         36%         1    ##.....
 Magic Dart               Conj           #...         36%         1    ##.....
 Sandblast                Erth           #.....       36%         1    ##.....
 Shock                    Conj/Air       #...         36%         1    ##.....
 Summon Butterflies       Summ           #.......     36%         1    ##.....
 Summon Small Mammal      Summ           #...         36%         1    ##.....
 Blink                    Tloc           N/A          50%         2    ###....
 Call Imp                 Summ           #.......     50%         2    ###....
 Passwall                 Tmut/Erth      #.......     50%         2    ###....
 Slow                     Hex            #.......     50%         2    ###....
 Sticks to Snakes         Tmut           #.......     50%         2    ###....
 Sublimation of Blood     Necr           #.........   50%         2    ###....
 Swiftness                Chrm/Air       #.......     50%         2    ###....
 Throw Frost              Conj/Ice       #.....       50%         2    ###....
 Call Canine Familiar     Summ           #.......     73%         3    ####...
 Confuse                  Hex            #.......     73%         3    ####...
 Conjure Flame            Conj/Fire      #.......     73%         3    ####...
 Gell's Gravitas          Tloc           #.........   73%         3    ####...
 Ignite Poison            Fire/Tmut/Pois #.......     73%         3    ####...
 Mephitic Cloud           Conj/Pois/Air  #.......     73%         3    ####...
 Ozocubu's Armour         Chrm/Ice       #.......     73%         3    ####...
 Spider Form              Tmut/Pois      #.........   73%         3    ####...
 Static Discharge         Conj/Air       #.......     73%         3    ####...
 Stone Arrow              Conj/Erth      #.....       73%         3    ####...
 Summon Guardian Golem    Hex/Summ       #.......     73%         3    ####...
 Airstrike                Air            #.........   98%         4    #####..
 Ice Form                 Ice/Tmut       #.......     98%         4    #####..
 Petrify                  Tmut/Erth      #.......     98%         4    #####..
 Summon Ice Beast         Ice/Summ       #.......     98%         4    #####..
 Summon Lightning Spire   Summ/Air       #.......     98%         4    #####..
 Throw Icicle             Conj/Ice       #.......     98%         4    #####..
 Alistair's Intoxication  Tmut/Pois      #.......     100%        5    ######.
 Blade Hands              Tmut           #.........   100%        5    ######.
 Irradiate                Conj/Tmut      #.........   100%        5    ######.
 Lee's Rapid Deconstruct  Erth           #.........   100%        5    ######.
 Lightning Bolt           Conj/Air       #.........   100%        5    ######.
 Metabolic Englaciation   Hex/Ice        #.........   100%        5    ######.
 Silence                  Hex/Air        #.........   100%        5    ######.
 Summon Mana Viper        Hex/Summ       #.......     100%        5    ######.
 Yara's Violent Unravell  Hex/Tmut       #.........   100%        5    ######.
 Bolt of Cold             Conj/Ice       #.........   100%        6    #######
 Conjure Ball Lightning   Conj/Air       #.........   100%        6    #######
 Deflect Missiles         Chrm/Air       #.........   100%        6    #######
 Ozocubu's Refrigeration  Ice            #.........   100%        6    #######
 Summon Hydra             Summ           #.........   100%        7    #######
 Tornado                  Air            #.........   100%        9    #######


Dungeon Overview and Level Annotations

Branches:
Dungeon (15/15)            Temple (0/1) D:4            Lair (6/6) D:10
  Swamp (1/4) Lair:3        Snake (0/4) Lair:2        Slime (0/5) Lair:5
    Orc (2/2) D:12            Elf (0/3) Orc:2        Vaults (0/5) D:14
 Depths (0/5) D:15

Shops:
Orc:1 :   Orc:2 %?[(

Annotations:
D:7 3 runed translucent doors, Lucio's ghost, amateur TeSu
Lair:2 exclusion: oklob plant


Innate Abilities, Weirdness & Mutations

You have an increased reservoir of magic. (+10% MP)


Message History

The alligator closely misses you. The alligator misses you.
The alligator tail-slaps you!
* * * LOW HITPOINT WARNING * * *
The alligator bites you!
* * * LOW HITPOINT WARNING * * *
The alligator barely misses you. x3
The alligator misses you. The alligator tail-slaps you.
* * * LOW HITPOINT WARNING * * *
The vampire mosquito bites you but does no damage.
The alligator bites you!
* * * LOW HITPOINT WARNING * * *
The alligator closely misses you.
Your surroundings seem slightly different.
Splash!
You fall into the shallow water.
Moving in this stuff is going to be slow.
The alligator bites you!
* * * LOW HITPOINT WARNING * * *
The alligator tail-slaps you!
You die...

♣♣♣ ♣♣♣♣≈♣♣♣♣
♣≈..≈@.≈♣♣♣.
♣♣♣♣..≈≈t≈≈.≈...
♣♣≈..§.y≈y≈≈§..≈≈
♣.....t≈ty....≈≈.
♣≈.......≈...§♣≈.
♣≈$≈≈.♣.t....≈♣ ≈
♣♣.≈≈≈.♣y.≈≈≈....
≈≈.≈≈≈≈...≈≈≈≈≈...
≈≈≈.≈≈≈...≈≈≈≈≈!♣♣


You could see 4 alligators and 4 vampire mosquitoes.

Vanquished Creatures
  Jorgrun (D:13)
  3 orc warlords (Orc:2)
  An ironheart preserver (D:14)
  Nessos (Lair:4)
  Snorg (Orc:2)
  Josephine (Orc:2)
  The ghost of Aske the Slicer, a journeyman GrBe of Trog (D:13)
  Harold (D:7)
  2 rakshasas (D:15)
  6 hydras
  4 catoblepae
  7 two-headed ogres
  6 centaur warriors
  13 death yaks
  2 tengu warriors
  An ogre mage (D:15)
  Sonja (Lair:3)
  4 orc high priests (Orc:2)
  Nergalle (Lair:3)
  A fire crab (Lair:5)
  2 unseen horrors
  A wizard (D:13)
  3 orc knights (Orc:2)
  A necromancer (IceCv)
  4 orc sorcerers (Orc:2)
  An oklob plant (Lair:4)
  4 manticores
  7 ugly things (D:14)
  A centaur zombie (D:15)
  A cyclops (Orc:2)
  5 slime creatures (D:15)
  11 elephants
  7 black mambas
  Maurice (D:13)
  An ice statue (IceCv)
  3 gargoyles
  8 spiny frogs
  12 komodo dragons
  3 efreet
  A kobold demonologist (D:15)
  11 freezing wraiths
  A komodo dragon (shapeshifter) (D:15)
  2 tengu conjurers
  A yaktaur (shapeshifter) (D:15)
  A queen bee (D:13)
  16 trolls
  A wolf spider simulacrum (IceCv)
  6 polar bears
  11 blink frogs
  8 hippogriffs
  4 hornets
  A meliai zombie (D:15)
  A spriggan (D:12)
  A wyvern (D:10)
  A redback (shapeshifter) (D:15)
  A tarantella (shapeshifter) (D:15)
  6 wraiths
  A vampire (D:12)
  40 yaks
  4 basilisks
  2 steam dragons
  9 vampire mosquitoes
  5 hungry ghosts
  3 swamp worms
  4 wargs
  2 acid dragons (D:15)
  2 nagas (Lair:2)
  7 water moccasins
  A soldier ant (shapeshifter) (D:15)
  A soldier ant (D:12)
  14 porcupines
  6 phantoms
  An alligator simulacrum (IceCv)
  40 orc warriors
  5 sky beasts
  3 black bears
  A necrophage (D:8)
  3 boggarts (D:15)
  2 eyes of draining
  8 ice beasts
  21 ogres
  7 wolves
  22 centaurs
  6 big kobolds
  18 crocodiles
  20 bullfrogs
  A water moccasin zombie (D:5)
  A hornet simulacrum (D:14)
  A scorpion (shapeshifter) (D:15)
  3 wyvern skeletons
  8 scorpions
  An elephant simulacrum (IceCv)
  27 killer bees
  6 howler monkeys
  5 wights
  4 electric eels
  A bullfrog zombie (D:12)
  7 crimson imps
  2 draconian simulacra (IceCv)
  2 bullfrog skeletons
  10 jellies
  A gnoll shaman (D:7)
  29 orc priests
  9 hounds
  5 centaur skeletons
  3 iguanas
  8 worker ants
  15 orc wizards
  5 troll simulacra (IceCv)
  3 spriggan simulacra (IceCv)
  2 killer bee zombies
  A wolf simulacrum (IceCv)
  3 hound zombies
  2 hound skeletons
  10 gnolls
  8 naga simulacra (IceCv)
  6 adders
  2 ogre simulacra (IceCv)
  3 shadow imps
  12 white imps (IceCv)
  18 oozes
  2 adder zombies
  2 adder skeletons
  5 worms (D:2)
  2 dart slugs
  6 leopard geckos
  91 orcs
  2 giant cockroaches
  6 goblins
  7 hobgoblins
  13 jackals
  19 kobolds
  5 quokkas
  2 ball pythons
  8 bats
  6 frilled lizards
  2 leopard gecko skeletons
  A quokka skeleton (D:4)
  A quokka zombie (D:9)
  5 rats
875 creatures vanquished.

Vanquished Creatures (collateral kills)
  A death yak (Lair:5)
1 creature vanquished.

Vanquished Creatures (others)
  A naga (Lair:2)
  A killer bee (D:9)
  An orc (Orc:2)
  16 fungi
  16 plants
35 creatures vanquished.

Grand Total: 911 creatures vanquished

Notes
Turn   | Place    | Note
-------+----------+-------------------------------------------
     0 | D:1      | HEYYEYAAE the Demigod Gladiator began the quest for the
                  | Orb.
     0 | D:1      | Reached XP level 1. HP: 17/17 MP: 3/3
    49 | D:1      | Reached skill level 3 in Polearms
   458 | D:1      | Reached XP level 2. HP: 24/24 MP: 4/4
  1051 | D:2      | Found a faded altar of an unknown god.
  1255 | D:2      | Reached XP level 3. HP: 20/29 MP: 5/5
  1263 | D:2      | Reached skill level 4 in Polearms
  2210 | D:3      | Reached XP level 4. HP: 36/36 MP: 6/6
  2991 | D:4      | Reached skill level 5 in Polearms
  3029 | D:4      | Found a staircase to the Ecumenical Temple.
  3142 | D:4      | Found a glowing silver altar of Zin.
  3211 | D:4      | Reached XP level 5. HP: 40/41 MP: 7/7
  3224 | D:4      | Noticed a centaur
  3232 | D:4      | Killed a centaur
  3232 | D:4      | Reached skill level 6 in Polearms
  3777 | D:5      | Entered Level 5 of the Dungeon
  3798 | D:5      | Reached XP level 6. HP: 21/48 MP: 8/8
  3983 | D:5      | Reached skill level 7 in Polearms
  4345 | D:5      | Found a sacrificial altar of Ru.
  4605 | D:5      | Reached XP level 7. HP: 31/53 MP: 9/9
  4697 | D:5      | Found a hide-covered altar of Uskayaw.
  4698 | D:5      | Found a snail-covered altar of Cheibriados.
  4700 | D:5      | Found an ornate altar of the Wu Jian Council.
  4701 | D:5      | Found an iron altar of Okawaru.
  4797 | D:6      | Reached skill level 8 in Polearms
  4984 | D:6      | Found a sparkling altar of Nemelex Xobeh.
  5447 | D:6      | Reached skill level 9 in Polearms
  5754 | D:6      | Found an ornate altar of the Wu Jian Council.
  5815 | D:6      | Reached XP level 8. HP: 50/60 MP: 10/10
  6287 | D:7      | Reached skill level 10 in Polearms
  6485 | D:7      | Noticed Harold
  6507 | D:7      | Killed Harold
  6507 | D:7      | Reached skill level 11 in Polearms
  6704 | D:7      | Reached XP level 9. HP: 62/67 MP: 6/11
  6911 | D:7      | Found a basalt altar of Yredelemnul.
  6929 | D:7      | Reached skill level 12 in Polearms
  7050 | D:7      | Found a runed translucent gate.
  7050 | D:7      | Found a runed translucent gate.
  7053 | D:7      | Found a runed translucent gate.
  7053 | D:7      | Noticed Lucio's ghost (amateur TeSu)
  7269 | D:8      | Found an opulent altar of Gozag.
  7665 | D:8      | Found a flagged portal.
  7679 | Bailey   | Entered a bailey
  7728 | Bailey   | Reached skill level 13 in Polearms
  7734 | Bailey   | Got a pitted spear
  7740 | Bailey   | Identified the +11 spear of Brawling {protect, Dex+2} (You
                  | found it in a bailey)
  7751 | Bailey   | Found a bloodstained altar of Trog.
  7785 | Bailey   | Got a warped mace
  8221 | D:9      | Reached XP level 10. HP: 73/73 MP: 13/13
  8491 | D:9      | Found a burning altar of Makhleb.
  8544 | D:9      | Reached skill level 14 in Polearms
  8561 | D:9      | Identified the +3 mace "Hixif" {vamp, rC+ Str+7 Dex-3
                  | Stlth+} (You found it in a bailey)
  9111 | D:10     | Entered Level 10 of the Dungeon
  9411 | D:10     | Found a staircase to the Lair.
  9749 | D:10     | Reached skill level 15 in Polearms
 10041 | D:11     | Reached skill level 1 in Armour
 10131 | D:11     | Noticed a two-headed ogre
 10142 | D:11     | Killed a two-headed ogre
 10142 | D:11     | Reached XP level 11. HP: 60/80 MP: 10/14
 11093 | D:13     | Noticed Maurice
 11119 | D:13     | Killed Maurice
 11252 | D:13     | Noticed Jorgrun
 11569 | D:12     | Found a staircase to the Orcish Mines.
 11582 | D:12     | Found a roughly hewn altar of Beogh.
 11652 | D:12     | Found a white marble altar of Elyvilon.
 11919 | Lair:1   | Entered Level 1 of the Lair of Beasts
 12100 | Lair:1   | Noticed a four-headed hydra
 12111 | Lair:1   | Killed a four-headed hydra
 12204 | Lair:1   | Noticed a four-headed hydra
 12214 | Lair:1   | Killed a four-headed hydra
 12214 | Lair:1   | Reached skill level 5 in Dodging
 12359 | Lair:1   | Reached skill level 16 in Polearms
 12744 | Lair:2   | Found a staircase to the Snake Pit.
 12744 | Lair:2   | Noticed a catoblepas
 12897 | Lair:2   | Killed a catoblepas
 12897 | Lair:2   | Reached skill level 5 in Fighting
 12897 | Lair:2   | Reached XP level 12. HP: 94/94 MP: 13/15
 13183 | Lair:2   | Reached skill level 5 in Armour
 13971 | Lair:3   | Noticed Nergalle
 14069 | Lair:3   | Killed Nergalle
 14127 | Lair:3   | Noticed Sonja
 14143 | Lair:3   | Killed Sonja
 14204 | Lair:3   | Found a staircase to the Swamp.
 15131 | Lair:4   | Noticed a six-headed hydra
 15153 | Lair:4   | Killed a six-headed hydra
 15218 | Lair:4   | Reached skill level 17 in Polearms
 15218 | Lair:4   | Reached XP level 13. HP: 64/104 MP: 9/16
 15279 | Lair:4   | Identified a scroll of acquirement
 15289 | Lair:4   | Noticed Nessos
 15327 | Lair:4   | Killed Nessos
 15453 | Lair:4   | Identified a +2 pair of boots of running (You acquired it
                  | on level 4 of the Lair of Beasts)
 16383 | Lair:5   | Found a staircase to the Slime Pits.
 16383 | Lair:5   | Found a viscous altar of Jiyva.
 17159 | Lair:5   | You fall through a shaft!
 17159 | Lair:6   | Entered Level 6 of the Lair of Beasts
 17910 | Lair:6   | Reached XP level 14. HP: 69/115 MP: 12/17
 18326 | Lair:6   | Reached skill level 18 in Polearms
 18984 | Orc:1    | Entered Level 1 of the Orcish Mines
 19017 | Orc:1    | Found a frozen archway.
 19028 | IceCv    | Entered an ice cave
 19360 | IceCv    | Found an ancient bone altar of Kikubaaqudgha.
 19670 | IceCv    | Identified Negyag's Handbook of Ice
 19907 | Orc:2    | Entered Level 2 of the Orcish Mines
 20077 | Orc:2    | Noticed Snorg
 20133 | Orc:2    | Killed Snorg
 20295 | Orc:2    | Found a roughly hewn altar of Beogh.
 20392 | Orc:2    | Noticed an orc warlord
 20417 | Orc:2    | Killed an orc warlord
 20549 | Orc:2    | Found Urhoukh's Antique Weapon Boutique.
 20562 | Orc:2    | Found Ojein's Antique Armour Shop.
 20594 | Orc:2    | Bought a shimmering leather armour for 140 gold pieces
 20645 | Orc:2    | Identified the +3 leather armour of the Vanishing Beds
                  | {*Slow Str+3} (You bought it in a shop on level 2 of the
                  | Orcish Mines)
 20824 | Orc:2    | Noticed an orc warlord
 20848 | Orc:2    | Killed an orc warlord
 20920 | Orc:2    | Noticed Josephine
 20936 | Orc:2    | Killed Josephine
 21238 | Orc:2    | Found a staircase to the Elven Halls.
 21312 | Orc:2    | Noticed an orc warlord
 21380 | Orc:2    | Killed an orc warlord
 21596 | Orc:2    | Found Cuik Dyg's Food Shop.
 21701 | Orc:2    | Found a roughly hewn altar of Beogh.
 21719 | Orc:2    | Found Equs's Magic Scroll Boutique.
 21744 | Orc:2    | Bought a scroll of identify for 24 gold pieces
 21744 | Orc:2    | Bought a scroll of enchant armour for 90 gold pieces
 21744 | Orc:2    | Bought a scroll of identify for 24 gold pieces
 21744 | Orc:2    | Bought a scroll of identify for 24 gold pieces
 21744 | Orc:2    | Bought a scroll of teleportation for 36 gold pieces
 21744 | Orc:2    | Bought a scroll of identify for 24 gold pieces
 22094 | Orc:1    | Found Soph's Book Emporium.
 22115 | Orc:1    | You fall through a shaft!
 22725 | D:13     | Killed Jorgrun
 22970 | D:13     | Noticed Aske's ghost (journeyman GrBe)
 22989 | D:13     | Found a transporter.
 23048 | D:13     | Reached XP level 15. HP: 72/125 MP: 9/18
 23139 | D:13     | Found a transporter.
 23746 | D:13     | Killed Aske's ghost
 23903 | D:14     | Reached skill level 10 in Dodging
 23932 | D:14     | Reached skill level 19 in Polearms
 24184 | D:14     | Found a gate to the Vaults.
 24339 | D:14     | Reached skill level 10 in Fighting
 24748 | D:14     | Found a basalt altar of Yredelemnul.
 24923 | D:15     | Entered Level 15 of the Dungeon
 25304 | D:15     | Reached skill level 10 in Armour
 26048 | D:15     | Found a staircase to the Depths.
 26638 | Swamp:1  | Entered Level 1 of the Swamp
 26668 | Swamp:1  | HP: 5/128 [alligator (7)]
 26668 | Swamp:1  | Slain by an alligator

Skill      XL: |  1  2  3  4  5  6  7  8  9 10 11 12 13 14 15 |
---------------+----------------------------------------------+-----
Polearms       | 3 4 5 6 7 9 11 13 15 16 17 18 19 | 19.4
Fighting       | 2 5 6 8 9 10 | 10.4
Armour         | 1 4 6 7 9 10 | 10.1
Dodging        | 3 5 7 8 9 10 | 10.6
Throwing       | |  1.7

Action                   |  1- 3 |  4- 6 |  7- 9 | 10-12 | 13-15 || total
-------------------------+-------+-------+-------+-------+-------++-------
Melee: Trident           |   155 |   179 |   118 |       |       ||   452
       Halberd           |       |       |   211 |       |       ||   211
       Spear             |       |       |    70 |  1090 |  2500 ||  3660
Throw: Throwing net      |       |       |     3 |       |       ||     3
Evoke: Wand              |       |       |    23 |    56 |    24 ||   103
       Sack of spiders   |       |       |       |       |     1 ||     1
  Use: Potion            |     1 |     3 |     6 |       |    10 ||    20
       Scroll            |       |     6 |     8 |    10 |    17 ||    41
 Stab: Sleeping          |     5 |       |       |     3 |     8 ||    16
       Distracted        |     1 |       |       |       |     4 ||     5
       Held in net/web   |       |       |     2 |       |       ||     2
       Petrified         |       |       |       |     7 |     8 ||    15
       Confused          |       |       |       |       |    12 ||    12
  Eat: Chunk             |     3 |     5 |    10 |    17 |    28 ||    63
       Ration            |       |     1 |     3 |     2 |     3 ||     9
Armor: Leather armour    |    28 |     4 |       |       |       ||    32
       Ring mail         |       |    45 |     8 |       |       ||    53
       Chain mail        |       |       |   129 |    60 |       ||   189
       Troll leather arm |       |       |       |   191 |   458 ||   649
       Skin              |       |       |       |       |    68 ||    68
Dodge: Dodged            |    85 |   132 |   140 |   365 |  1165 ||  1887
